TOP OF THE 1ST |
Idaho Falls Chukars batting - Pitching for Chicago (NYP) White Sox : RHP Travis Stump
|
Pitching: RHP Travis Stump
|
|
Batting: SHB Ryoji Hiraoka
|
0-0: Fly out, F4 (Popup, 4S, EV 81.2 MPH)
|
Batting: RHB Kevin Allen
|
0-0: Ball 1-0: Foul Ball, location: 2F 1-1: Called Strike 1-2: Ball 2-2: Strikes out swinging
|
Batting: LHB David Bearden
|
0-0: Ball 1-0: Called Strike 1-1: Foul Ball, location: 2F 1-2: Strikes out looking
|
Top of the 1st over - 0 runs, 0 hits, 0 errors, 0 left on base; Idaho Falls 0 - Chicago (NYP) 0 |
BOTTOM OF THE 1ST |
Chicago (NYP) White Sox batting - Pitching for Idaho Falls Chukars : RHP Mike Tuck
|
Pitching: RHP Mike Tuck
|
|
Batting: SHB Ruben Velasco Jr.
|
0-0: Foul Ball, location: 2F 0-1: Ball 1-1: Ball 2-1: Ball 3-1: DOUBLE (Groundball, 3L, EV 106.9 MPH)
|
Batting: LHB Matt Hyde
|
0-0: Ball 1-0: Ball 2-0: Ball 3-0: Base on Balls
|
Batting: LHB Josh Pittman
|
0-0: Ball 1-0: Called Strike 1-1: Ball 2-1: Fly out, F8 (Flyball, 8LD, EV 84.4 MPH)
|
Batting: LHB Larry Myers
|
0-0: Ball 1-0: Ball 2-0: Ball 3-0: Called Strike 3-1: Foul Ball, location: 2F 3-2: Foul Ball, location: 2F 3-2: Base on Balls Ruben Velasco Jr. to third Matt Hyde to second
|
Pitching: RHP Howie Seidler
|
|
Batting: LHB Herkko Haavikko
|
0-0: Called Strike 0-1: Ball 1-1: Foul Ball, location: 2F 1-2: SINGLE (Groundball, 6D, EV 97.5 MPH) Ruben Velasco Jr. scores Matt Hyde to third Larry Myers to second
|
Batting: LHB Adam Tarbutton
|
0-0: Ball 1-0: DOUBLE (Groundball, 5L, EV 102.5 MPH) Matt Hyde scores Larry Myers scores Herkko Haavikko to third
|
Batting: RHB Victor Orozco
|
0-0: Ball 1-0: Ball 2-0: Ball 3-0: Base on Balls
|
Batting: RHB Blake Kelly
|
0-0: Ball 1-0: Ball 2-0: Ball 3-0: Called Strike 3-1: Called Strike 3-2: Base on Balls Herkko Haavikko scores Adam Tarbutton to third Victor Orozco to second
|
Batting: RHB Carsten Koers
|
0-0: SINGLE (Groundball, P, EV 89.4 MPH) (infield hit) Adam Tarbutton scores Victor Orozco to third Blake Kelly to second
|
Batting: SHB Ruben Velasco Jr.
|
0-0: Ball 1-0: Ball Wild Pitch! Victor Orozco scores Blake Kelly to third Carsten Koers to second 2-0: Ball 3-0: Base on Balls
|
Pitching: RHP Matt Slater
|
|
Batting: LHB Matt Hyde
|
0-0: Called Strike 0-1: TRIPLE (Line Drive, 9LD, EV 100.6 MPH) Blake Kelly scores Carsten Koers scores Ruben Velasco Jr. scores
|
Batting: LHB Josh Pittman
|
0-0: Called Strike 0-1: Called Strike 0-2: Ball 1-2: Strikes out swinging
|
Batting: LHB Larry Myers
|
0-0: Foul Ball, location: 2F 0-1: DOUBLE (Line Drive, 89M, EV 104.4 MPH) Matt Hyde scores
|
Batting: LHB Herkko Haavikko
|
0-0: Called Strike 0-1: Foul Ball, location: 2F 0-2: Ball 1-2: Ball 2-2: Ball 3-2: Base on Balls
|
Batting: LHB Adam Tarbutton
|
0-0: Ball 1-0: Ball 2-0: Ball 3-0: Called Strike 3-1: Swinging Strike 3-2: Base on Balls Larry Myers to third Herkko Haavikko to second
|
Pitching: RHP Philip Terrell
|
|
Batting: RHB Victor Orozco
|
0-0: Ball 1-0: Called Strike 1-1: Foul Ball, location: 2F 1-2: Ball 2-2: Fielders Choice at 2nd, 6-4 (Groundball, 6, EV 106.2 MPH)
|
Bottom of the 1st over - 10 runs, 6 hits, 0 errors, 3 left on base; Idaho Falls 0 - Chicago (NYP) 10 |
TOP OF THE 2ND |
Idaho Falls Chukars batting - Pitching for Chicago (NYP) White Sox : RHP Travis Stump
|
Batting: LHB John Wagner
|
0-0: Called Strike 0-1: Ball 1-1: Foul Ball, location: 2F 1-2: Foul Ball, location: 2F 1-2: Ball 2-2: Foul Ball, location: 2F 2-2: Ball 3-2: DOUBLE (Flyball, 78D, EV 105.6 MPH)
|
Batting: LHB Joe Cozart
|
0-0: Ball Wild Pitch! John Wagner to third 1-0: Fly out, F8 (Flyball, 8RXD, EV 81.2 MPH) Runner from 3rd tags up, SCORES, no throw by CF
|
Batting: RHB Edwin Ramos
|
0-0: Fly out, F8 (Flyball, 8LD, EV 93.1 MPH)
|
Batting: RHB Justin Goff
|
0-0: Ball 1-0: Foul Ball, location: 2F 1-1: Swinging Strike 1-2: Ball 2-2: Fly out, F6 (Line Drive, 6, EV 68.8 MPH)
|
Top of the 2nd over - 1 run, 1 hit, 0 errors, 0 left on base; Idaho Falls 1 - Chicago (NYP) 10 |
BOTTOM OF THE 2ND |
Chicago (NYP) White Sox batting - Pitching for Idaho Falls Chukars : RHP Philip Terrell
|
Batting: RHB Blake Kelly
|
0-0: Ball 1-0: SINGLE (Groundball, 6, EV 100.0 MPH)
|
Batting: RHB Carsten Koers
|
0-0: Called Strike 0-1: SINGLE (Groundball, 6MS, EV 69.4 MPH) (infield hit) Blake Kelly to second
|
Batting: SHB Ruben Velasco Jr.
|
0-0: Called Strike 0-1: Swinging Strike 0-2: Foul Ball, location: 2F 0-2: Hit by Pitch Blake Kelly to third Carsten Koers to second
|
Batting: LHB Matt Hyde
|
0-0: Ball 1-0: Called Strike 1-1: Ball 2-1: Called Strike 2-2: Foul Ball, location: 2F 2-2: SINGLE (Flyball, 78S, EV 90.0 MPH) Blake Kelly scores Carsten Koers to third Ruben Velasco Jr. to second Runner from 3rd tries for Home, SAFE, throw by LF to home
|
Pitching: RHP Danny Ballenger
|
|
Batting: LHB Josh Pittman
|
0-0: Ball 1-0: Ball Balk! Ruben Velasco Jr. to third Matt Hyde to second 2-0: Ball 3-0: Base on Balls
|
Batting: LHB Larry Myers
|
0-0: Swinging Strike 0-1: Ball 1-1: Fielders Choice at 2nd, 4-6 (Groundball, 4, EV 105.0 MPH) Ruben Velasco Jr. scores Matt Hyde to third
|
Batting: LHB Herkko Haavikko
|
0-0: Foul Ball, location: 2F 0-1: Foul Ball, location: 2F 0-2: 3-RUN HOME RUN (Line Drive, 89XD, EV 115.6 MPH), Distance : 457 ft
|
Batting: LHB Adam Tarbutton
|
0-0: Ball 1-0: Foul Ball, location: 2F 1-1: Foul Ball, location: 2F 1-2: Ball 2-2: Foul Ball, location: 2F 2-2: Strikes out looking
|
Batting: RHB Victor Orozco
|
0-0: SINGLE (Line Drive, 4D, EV 96.9 MPH)
|
Batting: RHB Blake Kelly
|
Balk! Victor Orozco to second 0-0: Ball 1-0: Called Strike 1-1: Ball 2-1: Ball 3-1: Base on Balls
|
Batting: RHB Carsten Koers
|
0-0: Foul Ball, location: 2F 0-1: Foul Ball, location: 2F 0-2: Ball 1-2: Ground out 4-3 (Groundball, 4, EV 83.1 MPH)
|
Bottom of the 2nd over - 6 runs, 5 hits, 0 errors, 2 left on base; Idaho Falls 1 - Chicago (NYP) 16 |
TOP OF THE 3RD |
Idaho Falls Chukars batting - Pitching for Chicago (NYP) White Sox : RHP Travis Stump
|
Batting: RHB Ben Minge
|
0-0: Ball 1-0: Ball 2-0: Ball 3-0: Called Strike 3-1: Swinging Strike 3-2: Fly out, F4 (Popup, 4S, EV 71.9 MPH)
|
Batting: RHB Timotheus Cooper
|
0-0: Ball 1-0: Foul Ball, location: 2F 1-1: Called Strike 1-2: Strikes out looking
|
Batting: SHB Ryoji Hiraoka
|
0-0: Ball 1-0: Ball 2-0: Called Strike 2-1: Swinging Strike 2-2: Ball 3-2: Strikes out swinging
|
Top of the 3rd over - 0 runs, 0 hits, 0 errors, 0 left on base; Idaho Falls 1 - Chicago (NYP) 16 |
BOTTOM OF THE 3RD |
Chicago (NYP) White Sox batting - Pitching for Idaho Falls Chukars : RHP Danny Ballenger
|
Batting: SHB Ruben Velasco Jr.
|
0-0: Called Strike 0-1: Ball 1-1: Ground out 3-1 (Groundball, 34D, EV 100.6 MPH)
|
Batting: LHB Matt Hyde
|
0-0: Called Strike 0-1: Called Strike 0-2: Foul Ball, location: 2F 0-2: Ball 1-2: Foul Ball, location: 2F 1-2: Fly out, F9 (Flyball, 9S, EV 84.4 MPH)
|
Batting: LHB Josh Pittman
|
0-0: Foul Ball, location: 2F 0-1: SINGLE (Groundball, P, EV 89.4 MPH) (infield hit)
|
Batting: LHB Larry Myers
|
0-0: Called Strike 0-1: Ball 1-1: Ball 2-1: 2-RUN HOME RUN (Flyball, 9LD, EV 93.8 MPH), Distance : 354 ft
|
Pitching: LHP Manny Berrones
|
|
Batting: LHB Herkko Haavikko
|
0-0: Foul Ball, location: 2F 0-1: Ball 1-1: Called Strike 1-2: Ball 2-2: Ball 3-2: Base on Balls
|
Batting: LHB Adam Tarbutton
|
0-0: Foul Ball, location: 2F 0-1: Ball Balk! Herkko Haavikko to second 1-1: SINGLE (Groundball, 23, EV 68.8 MPH) (infield hit) Herkko Haavikko to third
|
Batting: RHB Victor Orozco
|
0-0: Ball 1-0: Ball 2-0: Ball 3-0: Called Strike 3-1: Foul Ball, location: 2F 3-2: Foul Ball, location: 2F 3-2: Base on Balls Adam Tarbutton to second
|
Batting: RHB Blake Kelly
|
0-0: Ball 1-0: Ball 2-0: Swinging Strike 2-1: Ball 3-1: Base on Balls Herkko Haavikko scores Adam Tarbutton to third Victor Orozco to second
|
Batting: RHB Carsten Koers
|
0-0: Ball 1-0: Foul Ball, location: 2F 1-1: Foul Ball, location: 2F 1-2: Ball 2-2: Ground out 3-1 (Groundball, 34, EV 91.2 MPH)
|
Bottom of the 3rd over - 3 runs, 3 hits, 0 errors, 3 left on base; Idaho Falls 1 - Chicago (NYP) 19 |
TOP OF THE 4TH |
Idaho Falls Chukars batting - Pitching for Chicago (NYP) White Sox : RHP Travis Stump
|
Batting: RHB Kevin Allen
|
0-0: Foul Ball, location: 2F 0-1: Called Strike 0-2: Ball 1-2: Ball 2-2: Strikes out swinging
|
Batting: LHB David Bearden
|
0-0: Ground out 6-3 (Groundball, 6, EV 81.2 MPH)
|
Batting: LHB John Wagner
|
0-0: Called Strike 0-1: Ball 1-1: Ground out U3 (Groundball, 3, EV 86.2 MPH)
|
Top of the 4th over - 0 runs, 0 hits, 0 errors, 0 left on base; Idaho Falls 1 - Chicago (NYP) 19 |
BOTTOM OF THE 4TH |
Chicago (NYP) White Sox batting - Pitching for Idaho Falls Chukars : LHP Manny Berrones
|
Batting: SHB Ruben Velasco Jr.
|
0-0: Ball 1-0: Called Strike 1-1: Called Strike 1-2: Ball 2-2: Strikes out swinging
|
Batting: LHB Matt Hyde
|
0-0: Ball 1-0: Ball 2-0: Fly out, F8 (Flyball, 8RM, EV 89.4 MPH)
|
Batting: LHB Josh Pittman
|
0-0: Ball 1-0: Ball 2-0: Ball 3-0: Base on Balls
|
Batting: LHB Larry Myers
|
0-0: Ball Wild Pitch! Josh Pittman to second 1-0: Ball 2-0: Ball 3-0: Called Strike 3-1: Foul Ball, location: 2F 3-2: Fly out, F5 (Popup, 56S, EV 78.8 MPH)
|
Bottom of the 4th over - 0 runs, 0 hits, 0 errors, 1 left on base; Idaho Falls 1 - Chicago (NYP) 19 |
TOP OF THE 5TH |
Idaho Falls Chukars batting - Pitching for Chicago (NYP) White Sox : RHP Travis Stump
|
Batting: LHB Joe Cozart
|
0-0: Ball 1-0: Foul Ball, location: 2F 1-1: Ball 2-1: Called Strike 2-2: Ground out 4-3 (Groundball, 4, EV 83.1 MPH)
|
Batting: RHB Edwin Ramos
|
0-0: Called Strike 0-1: Ball 1-1: Foul Ball, location: 2F 1-2: Strikes out swinging
|
Batting: RHB Justin Goff
|
0-0: Ball 1-0: Ball 2-0: Ball 3-0: Called Strike 3-1: Called Strike 3-2: Foul Ball, location: 2F 3-2: Strikes out swinging
|
Top of the 5th over - 0 runs, 0 hits, 0 errors, 0 left on base; Idaho Falls 1 - Chicago (NYP) 19 |
BOTTOM OF THE 5TH |
Chicago (NYP) White Sox batting - Pitching for Idaho Falls Chukars : LHP Manny Berrones
|
Pitching: RHP Sean Hill
|
|
Batting: LHB Herkko Haavikko
|
0-0: Ball 1-0: Ball 2-0: Ball 3-0: Base on Balls
|
Batting: LHB Adam Tarbutton
|
0-0: Ball 1-0: Ball 2-0: DOUBLE (Line Drive, 89D, EV 106.9 MPH) Herkko Haavikko to third
|
Batting: RHB Victor Orozco
|
0-0: Ball Balk! Herkko Haavikko scores Adam Tarbutton to third Balk! Adam Tarbutton scores 1-0: Ball 2-0: Ball 3-0: Called Strike 3-1: Base on Balls
|
Batting: RHB Blake Kelly
|
0-0: Ball 1-0: Ball 2-0: Ball 3-0: Base on Balls Victor Orozco to second
|
Batting: RHB Carsten Koers
|
0-0: Foul Ball, location: 2F 0-1: Foul Ball, location: 2F 0-2: Ball 1-2: Ball 2-2: Ball 3-2: Fly out, F9 (Flyball, 9D, EV 101.2 MPH)
|
Batting: SHB Ruben Velasco Jr.
|
0-0: Ball 1-0: Foul Ball, location: 2F 1-1: Ball 2-1: Foul Ball, location: 2F 2-2: Foul Ball, location: 2F 2-2: Ball 3-2: TRIPLE (Line Drive, 78XD, EV 96.2 MPH) Victor Orozco scores Blake Kelly scores
|
Pitching: RHP Adam Krieger
|
|
Batting: LHB Matt Hyde
|
0-0: Ball 1-0: Ball 2-0: Ground out 6-3 (Groundball, 6, EV 86.2 MPH) Ruben Velasco Jr. scores
|
Batting: LHB Josh Pittman
|
0-0: Ball 1-0: Ball 2-0: Ball 3-0: Called Strike 3-1: Base on Balls
|
Batting: LHB Larry Myers
|
0-0: Foul Ball, location: 2F 0-1: Called Strike 0-2: Ball Balk! Josh Pittman to second 1-2: Foul Ball, location: 2F 1-2: Ball 2-2: Foul Ball, location: 2F 2-2: Ball 3-2: Base on Balls
|
Batting: LHB Herkko Haavikko
|
0-0: SINGLE (Line Drive, 56D, EV 96.9 MPH) Josh Pittman to third Larry Myers to second Runner from 3rd tries for Home, throw by LF and OUT! 7-2
|
Bottom of the 5th over - 5 runs, 3 hits, 0 errors, 2 left on base; Idaho Falls 1 - Chicago (NYP) 24 |
TOP OF THE 6TH |
Idaho Falls Chukars batting - Pitching for Chicago (NYP) White Sox : RHP Travis Stump
|
Batting: RHB Ben Minge
|
0-0: Ball 1-0: Ball 2-0: Called Strike 2-1: Ground out 3-1 (Groundball, 34, EV 79.4 MPH)
|
Batting: RHB Timotheus Cooper
|
0-0: Ball 1-0: Fly out, F7 (Line Drive, 7, EV 95.6 MPH)
|
Batting: SHB Ryoji Hiraoka
|
0-0: Foul Ball, location: 2F 0-1: Called Strike 0-2: Strikes out looking
|
Top of the 6th over - 0 runs, 0 hits, 0 errors, 0 left on base; Idaho Falls 1 - Chicago (NYP) 24 |
BOTTOM OF THE 6TH |
Chicago (NYP) White Sox batting - Pitching for Idaho Falls Chukars : RHP Adam Krieger
|
Batting: LHB Adam Tarbutton
|
0-0: Called Strike 0-1: Fly out, F9 (Line Drive, 9, EV 93.1 MPH)
|
Batting: RHB Victor Orozco
|
0-0: Foul Ball, location: 2F 0-1: Ball 1-1: Swinging Strike 1-2: Ball 2-2: Hit by Pitch
|
Batting: RHB Blake Kelly
|
0-0: Grounds into double play, 6-4-3 (Groundball, 6, EV 90.0 MPH)
|
Bottom of the 6th over - 0 runs, 0 hits, 0 errors, 0 left on base; Idaho Falls 1 - Chicago (NYP) 24 |
TOP OF THE 7TH |
Idaho Falls Chukars batting - Pitching for Chicago (NYP) White Sox : RHP Travis Stump
|
Batting: RHB Kevin Allen
|
0-0: Foul Ball, location: 2F 0-1: Ball 1-1: Fly out, F9 (Line Drive, 9D, EV 88.1 MPH)
|
Batting: LHB David Bearden
|
0-0: Foul Ball, location: 2F 0-1: Foul Ball, location: 2F 0-2: Strikes out looking
|
Pinch Hitting: RHB Chad Sullivan
|
0-0: Ball 1-0: Ground out 6-3 (Groundball, 6, EV 102.5 MPH)
|
Top of the 7th over - 0 runs, 0 hits, 0 errors, 0 left on base; Idaho Falls 1 - Chicago (NYP) 24 |
BOTTOM OF THE 7TH |
Chicago (NYP) White Sox batting - Pitching for Idaho Falls Chukars : RHP Adam Krieger
|
Now in CF: Chad Sullivan
|
|
Batting: RHB Carsten Koers
|
0-0: Ground out 2-3 (Groundball, 15S, EV 68.1 MPH)
|
Batting: SHB Ruben Velasco Jr.
|
0-0: Ball 1-0: Ball 2-0: Ball 3-0: Called Strike 3-1: Foul Ball, location: 2F 3-2: Base on Balls
|
Batting: LHB Matt Hyde
|
0-0: Ball 1-0: Ball Balk! Ruben Velasco Jr. to second 2-0: Ball Wild Pitch! Ruben Velasco Jr. to third 3-0: Base on Balls
|
Batting: LHB Josh Pittman
|
0-0: Called Strike 0-1: SINGLE (Line Drive, 3D, EV 108.1 MPH) Ruben Velasco Jr. scores Matt Hyde to second
|
Batting: LHB Larry Myers
|
0-0: Ball 1-0: Ball 2-0: Called Strike 2-1: Fly out, F7 (Flyball, 7LM, EV 103.1 MPH)
|
Pitching: LHP Josh Dalton
|
|
Batting: LHB Herkko Haavikko
|
0-0: Ball 1-0: Foul Ball, location: 2F 1-1: Called Strike 1-2: Ball 2-2: Ball 3-2: Fly out, F8 (Flyball, 89D, EV 103.8 MPH)
|
Bottom of the 7th over - 1 run, 1 hit, 0 errors, 2 left on base; Idaho Falls 1 - Chicago (NYP) 25 |
TOP OF THE 8TH |
Idaho Falls Chukars batting - Pitching for Chicago (NYP) White Sox : RHP Travis Stump
|
Batting: LHB Joe Cozart
|
0-0: Ball 1-0: Called Strike 1-1: Foul Ball, location: 2F 1-2: Ground out U3 (Groundball, 3L, EV 101.2 MPH)
|
Batting: RHB Edwin Ramos
|
0-0: Ball 1-0: Ball 2-0: SINGLE (Line Drive, 7S, EV 89.4 MPH)
|
Batting: RHB Justin Goff
|
0-0: Called Strike 0-1: Fly out, F5 (Popup, 5SF, EV 65.0 MPH)
|
Batting: LHB Randy Stapleton
|
0-0: Called Strike 0-1: Fielders Choice at 2nd, U4 (Groundball, 4M, EV 87.5 MPH)
|
Top of the 8th over - 0 runs, 1 hit, 0 errors, 1 left on base; Idaho Falls 1 - Chicago (NYP) 25 |
BOTTOM OF THE 8TH |
Chicago (NYP) White Sox batting - Pitching for Idaho Falls Chukars : LHP Josh Dalton
|
Batting: LHB Adam Tarbutton
|
0-0: Ball 1-0: SINGLE (Line Drive, 7LS, EV 94.4 MPH)
|
Batting: RHB Victor Orozco
|
0-0: Ball 1-0: Ball 2-0: Called Strike 2-1: Foul Ball, location: 2F 2-2: Hit by Pitch Adam Tarbutton to second
|
Batting: RHB Blake Kelly
|
0-0: Ball 1-0: Ball 2-0: Ball 3-0: Called Strike 3-1: Base on Balls Adam Tarbutton to third Victor Orozco to second
|
Batting: RHB Carsten Koers
|
0-0: Ball 1-0: Foul Ball, location: 2F 1-1: Ball 2-1: Foul Ball, location: 2F 2-2: Ball 3-2: Foul Ball, location: 2F 3-2: Base on Balls Adam Tarbutton scores Victor Orozco to third Blake Kelly to second
|
Batting: SHB Ruben Velasco Jr.
|
0-0: Foul Ball, location: 2F 0-1: Foul Ball, location: 2F 0-2: Foul Ball, location: 2F 0-2: Ball 1-2: Foul Ball, location: 2F 1-2: Ball Balk! Victor Orozco scores Blake Kelly to third Carsten Koers to second 2-2: Foul Ball, location: 2F 2-2: Foul Ball, location: 2F 2-2: Foul Ball, location: 2F 2-2: Ball 3-2: Ground out 1-3 (Groundball, P, EV 63.1 MPH)
|
Batting: LHB Matt Hyde
|
0-0: Called Strike 0-1: Foul Ball, location: 2F 0-2: Foul Ball, location: 2F 0-2: Foul Ball, location: 2F 0-2: Ball Wild Pitch! Blake Kelly scores Carsten Koers to third 1-2: Ball 2-2: Foul Ball, location: 2F 2-2: Foul Ball, location: 2F 2-2: Fly out, F5 (Line Drive, 5, EV 66.2 MPH) Lined into DP, U5 (Line Drive, 5, EV 70.6 MPH)
|
Bottom of the 8th over - 3 runs, 1 hit, 0 errors, 0 left on base; Idaho Falls 1 - Chicago (NYP) 28 |
TOP OF THE 9TH |
Idaho Falls Chukars batting - Pitching for Chicago (NYP) White Sox : RHP Travis Stump
|
Batting: RHB Timotheus Cooper
|
0-0: Swinging Strike 0-1: Ball 1-1: Swinging Strike 1-2: Ball 2-2: Strikes out swinging
|
Pitching: RHP Nate Ragain
|
|
Batting: SHB Ryoji Hiraoka
|
0-0: Ball 1-0: Ball 2-0: Called Strike 2-1: Ball 3-1: Base on Balls
|
Batting: RHB Kevin Allen
|
0-0: Swinging Strike 0-1: Swinging Strike 0-2: Ball 1-2: Ball 2-2: Ball 3-2: Strikes out swinging
|
Batting: LHB David Bearden
|
0-0: Fly out, F9 (Flyball, 9S, EV 83.8 MPH)
|
Top of the 9th over - 0 runs, 0 hits, 0 errors, 1 left on base; Idaho Falls 1 - Chicago (NYP) 28 |
|